 Dungeon Sprint DCSS version 0.32-a0-350-g4f4d228785 (webtiles) character file.

Game seed: 17330823034047018374

328 rocky1 the Basher (level 6, -1/91 HPs)
             Began as a Mountain Dwarf Cinder Acolyte on Feb 18, 2024.
             Was a High Priest of Ignis.
             Succumbed to a black mamba's poison
             ... in the Dungeon (Sprint VII: "The Pits").
             The game lasted 00:02:26 (827 turns).

rocky1 the Basher (Mountain Dwarf Cinder Acolyte)    Turns: 827, Time: 00:02:27

Health: -1/91      AC: 20    Str: 18    XL:     6   Next: 25%
Magic:  7/12       EV:  8    Int: 15    God:    Ignis [*****.]
Gold:   0          SH:  0    Dex:  5    Spells: 11/13 levels left

rFire   + . .        p - +2 mace (protect)
rCold   . . .        (no shield)
rNeg    . . .        n - +3 chain mail
rPois   .            (no helmet)
rElec   .            (no cloak)
rCorr   .            (no gloves)
SInv    .            (no boots)
Will    .....        (no amulet) Stlth
                     (no ring)
HPRegen 0.35/turn    (no ring)
MPRegen 0.13/turn

%: no teleportation
@: berserking, lethally poisoned (-1 -> -8), under a protective aura, very quick
A: runic magic, artefact enchanting
a: Renounce Religion, Fiery Armour, Foxfire Swarm, Rising Flame


You were in the Dungeon.
You worshipped Ignis.
Ignis was extremely pleased with you.
You visited 1 branch

Inventory:

Hand Weapons
 a - a -1 mace of flaming
 m - a +2 mace
 p - a +2 mace of protection (weapon)
Missiles
 o - 4 poisoned darts
Armour
 b - a +0 robe
 n - a +3 chain mail (worn)
Scrolls
 h - a scroll of blinking
 j - 2 scrolls of vulnerability
 k - 5 scrolls of amnesia
 l - a scroll of butterflies
Potions
 c - 5 potions of curing
 d - 6 potions of heal wounds
 e - a potion of haste
 f - 4 potions of magic
 g - 2 potions of berserk rage
 i - 2 potions of invisibility


   Skills:
 + Level 7.8 Fighting
 + Level 9.2 Maces & Flails
 + Level 5.5 Armour
 - Level 4.0 Spellcasting
 - Level 8.0 Fire Magic


You had 11 spell levels left.
You knew the following spells:

 Your Spells              Type           Power      Damage    Failure   Level
a - Scorch                Fire           54%        2d7       1%          2

Your spell library contained the following spells:

 Spells                   Type           Power      Damage    Failure   Level


Dungeon Overview and Level Annotations

Branches:
Dungeon (1/1)

Altars:
Cheibriados
Dithmenos
Elyvilon
Fedhas
Gozag
Hepliaklqana
Makhleb
Nemelex Xobeh
Okawaru
Qazlal
Ru
Sif Muna
Trog
Wu Jian
Xom
Yredelemnul
Zin
The Shining One
Jiyva


Innate Abilities, Weirdness & Mutations

Your spellcasting is much less encumbered by armour.
You can use scrolls of enchantment on lesser artefacts.


Message History

The black mamba bites you!
You barely miss the black mamba.
The black mamba is lightly wounded.
The black mamba bites you! x2
* * * LOW HITPOINT WARNING * * *
You sock the black mamba!
Your weapon exudes an aura of protection.
The black mamba is moderately wounded.
The black mamba bites you!
* * * LOW HITPOINT WARNING * * *
You are lethally poisoned!
The black mamba poisons you!
You closely miss the black mamba.
The black mamba is moderately wounded.
* * * LOW HITPOINT WARNING * * *
You feel very sick. The black mamba bites you.
* * * LOW HITPOINT WARNING * * *
You sock the black mamba!
The black mamba is severely wounded.
* * * LOW HITPOINT WARNING * * *
You feel sick. The black mamba barely misses you.
You hit the black mamba.
The black mamba is severely wounded.
* * * LOW HITPOINT WARNING * * *
You feel sick.
The black mamba bites you but does no damage.
You closely miss the black mamba.
The black mamba is severely wounded.
* * * LOW HITPOINT WARNING * * *
You feel sick. The black mamba closely misses you.
You barely miss the black mamba.
The black mamba is severely wounded.
* * * LOW HITPOINT WARNING * * *
You feel sick.
The black mamba bites you but does no damage.
You sock the black mamba!
You kill the black mamba!
You die...
Ignis goes out, and joins you in death.

#.#........##.......#
#)###########.......#
#..#.#.## #########
#..÷....# ##.#.#.##
#.......#+#
##.#.#.##.+
#.......#†#
##.#.#..'@#
##########


There were no monsters in sight!

Vanquished Creatures
  A black mamba (D)
  A sky beast (D)
  A centaur (D)
  A kobold brigand (D)
  An iron imp (D)
  A mummy (D)
  An adder (D)
  A river rat (D)
  An orc (D)
  2 endoplasms (D)
  A giant cockroach (D)
  A ball python skeleton (D)
  A frilled lizard (D)
  2 goblins (D)
  A kobold (D)
17 creatures vanquished.

Notes
Turn   | Place    | Note
-------+----------+-------------------------------------------
     0 | D        | rocky1 the Mountain Dwarf Cinder Acolyte began the quest
                  | for the Orb.
     0 | D        | Reached XP level 1. HP: 19/19 MP: 2/2
    44 | D        | Found a bloodstained altar of Trog.
    44 | D        | Found a shimmering blue altar of Sif Muna.
    44 | D        | Found a viscous altar of Jiyva.
    44 | D        | Found a hazy altar of Hepliaklqana.
    44 | D        | Found an opulent altar of Gozag.
    45 | D        | Found a glowing golden altar of the Shining One.
    45 | D        | Found a glowing silver altar of Zin.
    45 | D        | Found a basalt altar of Yredelemnul.
    45 | D        | Found a shimmering altar of Xom.
    45 | D        | Found an ornate altar of the Wu Jian Council.
    45 | D        | Found a sacrificial altar of Ru.
    45 | D        | Found a stormy altar of Qazlal.
    45 | D        | Found an iron altar of Okawaru.
    45 | D        | Found a sparkling altar of Nemelex Xobeh.
    45 | D        | Found a burning altar of Makhleb.
    45 | D        | Found a blossoming altar of Fedhas.
    45 | D        | Found a white marble altar of Elyvilon.
    45 | D        | Found a shadowy altar of Dithmenos.
    45 | D        | Found a snail-covered altar of Cheibriados.
    63 | D        | Reached skill level 4 in Maces & Flails
   129 | D        | Reached XP level 2. HP: 19/27 MP: 5/5
   176 | D        | Reached skill level 5 in Maces & Flails
   176 | D        | Reached skill level 5 in Fire Magic
   176 | D        | Reached XP level 3. HP: 17/34 MP: 6/6
   194 | D        | Reached skill level 5 in Fighting
   349 | D        | Learned a level 2 spell: Scorch
   355 | D        | Noticed a centaur
   360 | D        | Noticed a kobold brigand
   369 | D        | Killed a centaur
   370 | D        | Reached skill level 6 in Maces & Flails
   370 | D        | Reached XP level 4. HP: 36/44 MP: 2/10
   370 | D        | Reached XP level 5. HP: 41/50 MP: 2/11
   377 | D        | Reached skill level 7 in Maces & Flails
   510 | D        | Noticed a sky beast
   528 | D        | Killed a sky beast
   529 | D        | Reached skill level 9 in Maces & Flails
   529 | D        | Reached skill level 5 in Armour
   529 | D        | Reached XP level 6. HP: 37/61 MP: 7/12
   811 | D        | Noticed a black mamba
   824 | D        | HP: 3/91 [poisoned by a black mamba]
   825 | D        | HP: 1/91 [poisoned by a black mamba]
   827 | D        | Killed a black mamba
   827 | D        | Succumbed to a black mamba's poison

Illustrated notes

Levels and vault maps discovered:
D:        pitsprint [storerooms_1, entrance_room_1, metal_vault_2, armoury_3,
          mini_pit_1, grid_room_1, main_hall_1, silver_pit, the_coven_1,
          the_vestibule_1, steel_vault_5, golden_pit, hallway_of_sentries,
          crystal_vault_3, iron_vault_5, final_vault]

Skill      XL: |  1  2  3  4  5 |
---------------+----------------+-----
Maces & Flails | 4 5 6 9 |  9.2
Fire Magic     | 4 5 6 8 |  8.0
Fighting       | 4 6 7 |  7.8
Spellcasting   | 2 4 |  4.0
Armour         | 2 5 |  5.5

Action                     |  1- 3 |  4- 6 || total
---------------------------+-------+-------++-------
  Melee: Mace              |    46 |    40 ||    86
   Cast: Scorch            |     3 |     6 ||     9
    Use: Potion            |       |     2 ||     2
 Armour: Robe              |    24 |       ||    24
         Chain mail        |    20 |    39 ||    59
  Dodge: Dodged            |    22 |     8 ||    30

Table legend: (Time is in decaauts)
 A = Elapsed time spent in this place.
 B = Non-inter-level travel time spent in this place.
 C = Inter-level travel time spent in this place.
 D = Time resting spent in this place.
 E = Time spent auto-exploring this place.
 F = Levels seen in this place.
 G = Mean time per level.
                   A        B        C        D        E       F      G
               +--------+--------+--------+--------+--------+-----+--------+
         Total |    830 |    754 |     76 |    508 |      0 |   1 |  830.0 |
       Dungeon |    830 |    754 |     76 |    508 |      0 |   1 |  830.0 |
               +--------+--------+--------+--------+--------+-----+--------+

Top non-repeatable levels by time:
       D: 830 daAuts
